[ AOE2 MATCH · #506828503 ]
UnrankedBulgarians vs Malians
Player's team · WIN
Rival team · LOSS
[ REPLAY ANALYSIS · EXTRACTED FROM THE RECORDED GAME ]
Feudal
8:55
Castle
24:58
Imperial
—
| APM avg | 52.3 |
| APM peak | 87 |
| eAPM avg | 29.3 |
| Villagers / military | 63 / 55 |
Focus
⚔️ 52.8% · 🌾 47.2%
Militia ×22 · Archer ×14 · Skirmisher ×11 · Scout Cavalry ×5 · Knight ×2 · Spearman ×1
Feudal
8:27
Castle
—
Imperial
—
| APM avg | 70.6 |
| APM peak | 105 |
| eAPM avg | 41.3 |
| Villagers / military | 58 / 53 |
Focus
⚔️ 50.1% · 🌾 49.9%
Skirmisher ×43 · Archer ×4 · Scout Cavalry ×4 · Spearman ×2
Match map
Initial resources + every placement click. Lines = walls · curves = elevation contours. ◆ gold · ⬟ stone · ● berries · ✦ relic · ◌ wall gap
Your base· Open — 3t gap
伪人3457's base· Open — 2t gap
Smoothed initial terrain · ◌ = detected wall gap · hover for details
Inputs per minute
— Sharky aoe - - 伪人3457
Build order — Sharky aoe
First 150 of 201 actions detected
| 0:01 | Queue | Villager (Male) |
| 0:01 | Queue | Villager (Male) |
| 0:02 | Build | House |
| 0:03 | Build | House |
| 0:05 | Queue | Villager (Male) |
| 0:12 | Queue | Villager (Male) |
| 0:12 | Queue | Villager (Male) |
| 1:30 | Queue | Villager (Male) |
| 1:52 | Queue | Villager (Male) |
| 2:14 | Build | Lumber Camp |
| 2:28 | Queue | Villager (Male) |
| 2:29 | Queue | Villager (Male) |
| 2:29 | Queue | Villager (Male) |
| 3:00 | Queue | Villager (Male) |
| 3:01 | Queue | Villager (Male) |
| 3:16 | Queue | Villager (Male) |
| 3:16 | Queue | Villager (Male) |
| 3:58 | Queue | Villager (Male) |
| 3:59 | Build | House |
| 4:03 | Queue | Villager (Male) |
| 4:11 | Queue | Villager (Male) |
| 5:08 | Build | Barracks |
| 5:12 | Queue | Villager (Male) |
| 5:12 | Queue | Villager (Male) |
| 5:44 | Build | House |
| 5:48 | Queue | Villager (Male) |
| 6:20 | Queue | Villager (Male) |
| 6:45 | Research | Feudal Age |
| 7:01 | Build | Mining Camp |
| 7:03 | Build | Palisade Wall |
| 7:03 | Build | Palisade Wall |
| 7:09 | Build | Palisade Wall |
| 7:10 | Build | Palisade Wall |
| 7:11 | Build | Palisade Wall |
| 7:11 | Build | Palisade Wall |
| 7:16 | Queue | Militia |
| 7:16 | Queue | Militia |
| 7:16 | Queue | Militia |
| 7:29 | Queue | Militia |
| 7:38 | Build | House |
| 7:39 | Build | House |
| 8:05 | Queue | Militia |
| 8:37 | Queue | Villager (Male) |
| 8:55 | Age | Feudal Age |
| 8:57 | Queue | Villager (Male) |
| 9:02 | Build | Archery Range |
| 9:04 | Queue | Militia |
| 9:06 | Research | Arson |
| 9:15 | Queue | Villager (Male) |
| 9:16 | Queue | Villager (Male) |
| 9:38 | Queue | Skirmisher |
| 9:38 | Queue | Skirmisher |
| 9:42 | Build | House |
| 9:47 | Research | Loom |
| 9:52 | Queue | Spearman |
| 9:53 | Queue | Villager (Male) |
| 10:06 | Queue | Skirmisher |
| 10:29 | Queue | Villager (Male) |
| 10:32 | Queue | Skirmisher |
| 10:42 | Queue | Villager (Male) |
| 11:16 | Queue | Skirmisher |
| 11:18 | Queue | Villager (Male) |
| 11:28 | Build | Mill |
| 11:40 | Queue | Archer |
| 11:40 | Queue | Villager (Male) |
| 11:41 | Queue | Villager (Male) |
| 11:41 | Queue | Villager (Male) |
| 12:05 | Queue | Archer |
| 12:14 | Build | Farm |
| 12:28 | Build | House |
| 12:29 | Build | House |
| 12:30 | Queue | Villager (Male) |
| 12:31 | Queue | Archer |
| 12:37 | Research | Horse Collar |
| 12:41 | Queue | Villager (Male) |
| 12:41 | Queue | Villager (Male) |
| 13:12 | Build | Farm |
| 13:13 | Queue | Villager (Male) |
| 13:15 | Build | Farm |
| 13:16 | Queue | Villager (Male) |
| 13:24 | Queue | Archer |
| 13:40 | Queue | Skirmisher |
| 13:45 | Build | House |
| 13:47 | Queue | Villager (Male) |
| 13:59 | Build | Farm |
| 14:08 | Queue | Archer |
| 14:12 | Queue | Villager (Male) |
| 14:12 | Queue | Villager (Male) |
| 14:23 | Build | Farm |
| 14:27 | Research | Double-Bit Axe |
| 14:34 | Queue | Villager (Male) |
| 14:34 | Queue | Villager (Male) |
| 14:42 | Queue | Archer |
| 15:01 | Queue | Villager (Male) |
| 15:06 | Queue | Skirmisher |
| 15:11 | Queue | Skirmisher |
| 15:14 | Build | Farm |
| 15:15 | Build | Farm |
| 15:32 | Queue | Villager (Male) |
| 15:43 | Queue | Villager (Male) |
| 15:44 | Build | Farm |
| 15:46 | Build | Farm |
| 15:48 | Build | Farm |
| 15:49 | Build | Farm |
| 15:53 | Queue | Skirmisher |
| 16:08 | Queue | Villager (Male) |
| 16:17 | Build | Blacksmith |
| 16:19 | Queue | Villager (Male) |
| 16:27 | Queue | Skirmisher |
| 16:41 | Queue | Militia |
| 16:41 | Queue | Militia |
| 16:46 | Research | Scale Mail Armor |
| 16:54 | Queue | Militia |
| 16:58 | Build | Farm |
| 17:00 | Build | Farm |
| 17:01 | Queue | Villager (Male) |
| 17:07 | Build | House |
| 17:08 | Build | House |
| 17:09 | Queue | Villager (Male) |
| 17:16 | Research | Fletching |
| 17:18 | Queue | Skirmisher |
| 17:25 | Queue | Villager (Male) |
| 17:26 | Queue | Villager (Male) |
| 17:28 | Queue | Archer |
| 17:37 | Queue | Archer |
| 17:41 | Queue | Militia |
| 17:44 | Queue | Militia |
| 17:50 | Build | Lumber Camp |
| 17:59 | Queue | Villager (Male) |
| 18:09 | Queue | Villager (Male) |
| 18:13 | Build | Farm |
| 18:15 | Queue | Archer |
| 18:21 | Queue | Militia |
| 18:28 | Queue | Villager (Male) |
| 18:36 | Queue | Archer |
| 18:50 | Queue | Villager (Male) |
| 18:55 | Research | Forging |
| 18:56 | Queue | Militia |
| 19:08 | Queue | Villager (Male) |
| 19:10 | Build | Farm |
| 19:11 | Build | Farm |
| 19:11 | Build | Farm |
| 19:11 | Build | Farm |
| 19:11 | Build | Farm |
| 19:11 | Build | Farm |
| 19:12 | Build | Farm |
| 19:12 | Build | Farm |
| 19:12 | Build | Farm |
| 19:17 | Queue | Villager (Male) |
| 19:19 | Queue | Archer |
Build order — 伪人3457
First 150 of 175 actions detected
| 0:00 | Queue | Villager (Male) ×4 |
| 0:01 | Queue | Villager (Male) ×4 |
| 0:02 | Build | House |
| 0:02 | Build | House |
| 1:17 | Queue | Villager (Male) |
| 1:45 | Queue | Villager (Male) |
| 1:45 | Queue | Villager (Male) |
| 1:47 | Build | Lumber Camp |
| 2:06 | Queue | Villager (Male) |
| 2:06 | Queue | Villager (Male) |
| 2:24 | Queue | Villager (Male) |
| 2:24 | Queue | Villager (Male) |
| 2:48 | Queue | Villager (Male) |
| 2:48 | Queue | Villager (Male) |
| 3:29 | Queue | Villager (Male) |
| 3:50 | Queue | Villager (Male) |
| 3:51 | Queue | Villager (Male) |
| 4:01 | Build | House |
| 4:18 | Queue | Villager (Male) |
| 4:29 | Build | Mining Camp |
| 4:37 | Queue | Villager (Male) |
| 4:39 | Queue | Villager (Male) |
| 4:40 | Research | Loom |
| 6:17 | Research | Feudal Age |
| 6:35 | Queue | Villager (Male) |
| 6:55 | Build | Barracks |
| 7:35 | Build | House |
| 7:38 | Queue | Villager (Male) |
| 8:27 | Age | Feudal Age |
| 8:31 | Build | Archery Range |
| 8:38 | Build | Palisade Wall |
| 8:39 | Build | Palisade Wall |
| 8:40 | Build | Palisade Wall |
| 8:43 | Build | Palisade Wall |
| 8:46 | Queue | Villager (Male) |
| 8:49 | Build | Palisade Wall |
| 8:56 | Research | Double-Bit Axe |
| 8:57 | Queue | Spearman |
| 9:09 | Queue | Villager (Male) |
| 9:29 | Queue | Spearman |
| 9:31 | Queue | Archer |
| 9:31 | Queue | Archer |
| 9:49 | Queue | Villager (Male) |
| 9:58 | Queue | Villager (Male) |
| 10:02 | Build | Mill |
| 10:08 | Queue | Archer |
| 10:11 | Build | House |
| 10:34 | Build | Palisade Wall |
| 10:35 | Build | Palisade Wall |
| 10:49 | Queue | Archer |
| 10:59 | Queue | Villager (Male) |
| 11:07 | Queue | Villager (Male) |
| 11:17 | Queue | Skirmisher |
| 11:18 | Queue | Villager (Male) |
| 11:23 | Build | Outpost |
| 11:28 | Queue | Skirmisher |
| 11:39 | Build | Mill |
| 11:40 | Queue | Villager (Male) |
| 11:44 | Queue | Skirmisher |
| 11:49 | Build | Archery Range |
| 11:54 | Queue | Skirmisher |
| 12:14 | Build | Blacksmith |
| 12:20 | Build | Farm |
| 12:21 | Build | Farm |
| 12:22 | Build | Farm |
| 12:23 | Build | Farm |
| 12:25 | Queue | Villager (Male) |
| 12:43 | Build | Archery Range |
| 13:05 | Queue | Villager (Male) |
| 13:13 | Build | Farm |
| 13:15 | Queue | Villager (Male) |
| 13:18 | Queue | Skirmisher ×3 |
| 13:18 | Queue | Skirmisher ×3 |
| 13:24 | Build | House |
| 13:25 | Build | House |
| 13:27 | Build | Farm |
| 13:31 | Build | Farm |
| 13:34 | Queue | Skirmisher |
| 13:36 | Build | House |
| 13:40 | Build | House |
| 13:55 | Build | Farm |
| 13:57 | Queue | Skirmisher |
| 13:57 | Queue | Skirmisher |
| 14:04 | Queue | Villager (Male) |
| 14:12 | Queue | Skirmisher |
| 14:19 | Queue | Skirmisher ×2 |
| 14:19 | Queue | Skirmisher ×2 |
| 14:22 | Queue | Villager (Male) |
| 14:32 | Queue | Skirmisher |
| 14:32 | Queue | Skirmisher |
| 14:46 | Queue | Skirmisher ×2 |
| 14:46 | Queue | Skirmisher ×2 |
| 14:50 | Queue | Villager (Male) |
| 14:58 | Queue | Skirmisher |
| 14:58 | Queue | Skirmisher |
| 15:09 | Queue | Skirmisher ×2 |
| 15:09 | Queue | Skirmisher ×2 |
| 15:16 | Queue | Skirmisher |
| 15:16 | Queue | Skirmisher |
| 15:18 | Queue | Villager (Male) |
| 15:32 | Queue | Skirmisher |
| 15:48 | Build | Mill |
| 15:52 | Queue | Villager (Male) |
| 15:58 | Build | Mining Camp |
| 16:13 | Queue | Villager (Male) |
| 16:14 | Build | Farm |
| 16:27 | Build | Stable |
| 16:38 | Queue | Villager (Male) |
| 16:42 | Build | Farm |
| 16:43 | Build | Farm |
| 16:45 | Queue | Villager (Male) |
| 17:20 | Build | Farm |
| 17:30 | Queue | Villager (Male) |
| 17:37 | Build | Farm |
| 17:54 | Queue | Villager (Male) |
| 17:59 | Build | Watch Tower |
| 18:06 | Build | Palisade Wall |
| 18:07 | Build | Palisade Wall |
| 18:12 | Queue | Skirmisher |
| 18:12 | Queue | Skirmisher |
| 18:15 | Queue | Villager (Male) |
| 18:19 | Build | Palisade Wall |
| 18:22 | Queue | Skirmisher |
| 18:22 | Queue | Skirmisher |
| 18:23 | Queue | Villager (Male) |
| 18:26 | Build | Palisade Wall |
| 18:27 | Build | Palisade Wall |
| 18:29 | Queue | Villager (Male) |
| 18:37 | Queue | Villager (Male) |
| 18:40 | Queue | Scout Cavalry |
| 18:40 | Queue | Scout Cavalry |
| 18:43 | Queue | Villager (Male) |
| 18:46 | Queue | Skirmisher |
| 18:47 | Queue | Skirmisher |
| 18:59 | Queue | Villager (Male) |
| 19:05 | Queue | Skirmisher |
| 19:05 | Queue | Skirmisher |
| 19:09 | Queue | Villager (Male) |
| 19:19 | Queue | Villager (Male) |
| 19:26 | Queue | Scout Cavalry |
| 19:30 | Queue | Skirmisher |
| 19:36 | Queue | Scout Cavalry |
| 19:55 | Queue | Villager (Male) |
| 20:08 | Queue | Villager (Male) |
| 20:15 | Queue | Skirmisher |
| 20:53 | Queue | Villager (Male) |
| 21:26 | Build | Market |
| 21:36 | Build | Lumber Camp |
| 22:06 | Build | Farm |
| 22:07 | Build | Farm |
Match timeline
| 5:08 | Sharky aoe · first_building Barracks |
| 6:55 | 伪人3457 · first_building Barracks |
| 7:03 | Sharky aoe · wall_segment Palisade Wall x1 |
| 7:03 | Sharky aoe · wall_segment Palisade Wall x1 |
| 7:09 | Sharky aoe · wall_segment Palisade Wall x1 |
| 7:10 | Sharky aoe · wall_segment Palisade Wall x1 |
| 7:11 | Sharky aoe · wall_segment Palisade Wall x1 |
| 7:11 | Sharky aoe · wall_segment Palisade Wall x1 |
| 8:27 | 伪人3457 · age_up feudal |
| 8:31 | 伪人3457 · first_building Archery Range |
| 8:38 | 伪人3457 · wall_segment Palisade Wall x1 |
| 8:39 | 伪人3457 · wall_segment Palisade Wall x1 |
| 8:40 | 伪人3457 · wall_segment Palisade Wall x1 |
| 8:43 | 伪人3457 · wall_segment Palisade Wall x1 |
| 8:49 | 伪人3457 · wall_segment Palisade Wall x1 |
| 8:55 | Sharky aoe · age_up feudal |
| 9:02 | Sharky aoe · first_building Archery Range |
| 10:34 | 伪人3457 · wall_segment Palisade Wall x1 |
| 10:35 | 伪人3457 · wall_segment Palisade Wall x1 |
| 16:27 | 伪人3457 · first_building Stable |
| 18:06 | 伪人3457 · wall_segment Palisade Wall x1 |
| 18:07 | 伪人3457 · wall_segment Palisade Wall x1 |
| 18:19 | 伪人3457 · wall_segment Palisade Wall x1 |
| 18:26 | 伪人3457 · wall_segment Palisade Wall x1 |
| 18:27 | 伪人3457 · wall_segment Palisade Wall x1 |
| 21:13 | Sharky aoe · first_building Stable |
| 22:17 | 伪人3457 · first_market_sell 100 wood |
| 22:18 | 伪人3457 · first_market_buy 100 food |
| 24:14 | 伪人3457 · wall_segment Palisade Wall x1 |
| 24:14 | 伪人3457 · wall_segment Palisade Wall x1 |
| 24:17 | 伪人3457 · wall_segment Palisade Wall x1 |
| 24:30 | 伪人3457 · wall_segment Palisade Wall x1 |
| 24:30 | 伪人3457 · wall_segment Palisade Wall x1 |
| 24:58 | 伪人3457 · wall_segment Palisade Wall x1 |
| 24:58 | Sharky aoe · age_up castle |
| 24:59 | 伪人3457 · wall_segment Palisade Wall x1 |
| 25:17 | Sharky aoe · first_building Siege Workshop |
| 25:18 | 伪人3457 · resign |
[ AI ANALYSIS · 1 CREDIT ]
What really happened in this match?
Wolo.gg analyzes every decision: build order, eco, micro, common mistakes by bracket. Personalized analysis on WhatsApp or Discord in 30 seconds.
Civ guide
Bulgarians
Perfil
Jugador #9702563